 Dungeon Crawl Stone Soup version 0.31.0-11-ge490571c62 (webtiles) character file.

Game seed: 3431975233718625389

30 Peloso the Shield-Bearer (level 3, 33/33 HPs)
             Began as a Minotaur Fighter on Feb 9, 2024.
             Got out of the dungeon alive.
             The game lasted 00:01:54 (849 turns).

Peloso the Shield-Bearer (Minotaur Fighter)          Turns: 849, Time: 00:01:55

Health: 33/33      AC:  7    Str: 19    XL:     3   Next: 5%
Magic:  2/2        EV:  9    Int:  9    God:
Gold:   34         SH:  4    Dex: 10    Spells: 2/2 levels left

rFire   . . .        a - +0 long sword
rCold   . . .        c - +0 buckler
rNeg    . . .        b - +0 scale mail
rPois   .            (helmet unavailable)
rElec   .            (no cloak)
rCorr   .            (no gloves)
SInv    .            (no boots)
Will    .....        (no amulet) Stlth
                     (no ring)
HPRegen 0.25/turn    (no ring)
MPRegen 0.08/turn

%: no passive effects
@: no status effects
A: horns 3, retaliatory headbutt, clever 1
a: no special abilities


You escaped.
You visited 1 branch of the dungeon, and saw 1 of its levels.

You collected 34 gold pieces.

Inventory:

Hand Weapons
 a - a +0 long sword (weapon)
Armour
 b - a +0 scale mail (worn)
 c - a +0 buckler (worn)
Scrolls
 f - 2 scrolls of fog
 h - a scroll of teleportation {unknown}
Potions
 d - a potion of might
 g - a potion of heal wounds {unknown}


   Skills:
 + Level 4.1 Fighting
 + Level 2.5 Long Blades
 + Level 4.1 Armour
 + Level 4.2 Shields


You had 2 spell levels left.
You didn't know any spells.
Your spell library was empty.

Dungeon Overview and Level Annotations

Branches:
Dungeon (1/15)

Altars:


Innate Abilities, Weirdness & Mutations

You have a pair of large horns on your head.
You reflexively headbutt those who attack you in melee.
Your mind is acute. (Int +4, Str/Dex -1)


Message History

There are monsters nearby!
There are monsters nearby!
There are monsters nearby!
The rat barely misses you.
You barely miss the kobold. Your headbutt misses the kobold.
The rat bites you but does no damage.
The kobold hits you with a +0 short sword.
You hit the kobold but do no damage. The rat barely misses you.
The kobold barely misses you.
You hit the kobold.
You kill the kobold!
The rat barely misses you. The rat bites you but does no damage.
The rat barely misses you.
Things that are here:
a +0 short sword; a kobold corpse The rat bites you but does no damage.
The rat barely misses you. You furiously retaliate!
You headbutt the rat.
A rat is nearby!
You barely miss the rat. Your headbutt misses the rat.
The rat is severely wounded.
You block the rat's attack.
You hit the rat.
You kill the rat!
You see here a rat corpse.
There is an open door here.
You see here a +0 ring mail.
Done exploring.
Done exploring.
Done exploring.
Done exploring.
Done exploring.
As you read the scroll labelled MANAZY TAOBLE, it dissolves into smoke.
It was a scroll of fog.
It was a potion of mutation.
You feel extremely strange.
You feel clever. The horns on your head grow some more.
What level of the Dungeon? (default 1, ? - help)
You see here a stone.
You see here a +0 club.
There is a staircase leading out of the dungeon here.
You have escaped!

................................>
..#######....##..#..###.###.###..
....................###......(..#
#.####.##.............#.###.#..##
#.............≈≈≈≈≈≈≈...# #...##
#...##..#.(...≈.....≈.#.###..####
................^...≈.#.........#
###........≈≈≈≈≈≈≈..≈.####..###.#
†.)........≈....@≈..≈.##....# #.#
###.##.....≈..≈.....≈.##.##.###..
###.##.....≈..≈≈≈≈≈≈≈.#..##.....#
....##.....≈.....)......#######.#
...........≈.....≈..#..###### #.#
..######...≈≈≈≈≈≈≈..........# #.#
....................#.####.## #.#
..#.####..............####.####.#
..#.####..######>................


There were no monsters in sight!

Vanquished Creatures
  A gnoll (D:1)
  2 ball pythons (D:1)
  2 endoplasms (D:1)
  3 goblins (D:1)
  3 hobgoblins (D:1)
  2 bats (D:1)
  2 frilled lizards (D:1)
  A kobold (D:1)
  4 rats (D:1)
20 creatures vanquished.

Notes
Turn   | Place    | Note
-------+----------+-------------------------------------------
     0 | D:1      | Peloso the Minotaur Fighter began the quest for the Orb.
     0 | D:1      | Reached XP level 1. HP: 19/19 MP: 0/0
    65 | D:1      | Reached XP level 2. HP: 8/27 MP: 1/1
   483 | D:1      | Reached XP level 3. HP: 33/33 MP: 2/2
   810 | D:1      | Gained mutation: Your mind is acute. (Int +4, Str/Dex -1)
                  | [potion of mutation]
   810 | D:1      | Gained mutation: You have a pair of large horns on your
                  | head. [potion of mutation]
   849 | D:$      | Got out of the dungeon alive.

Illustrated notes

Levels and vault maps discovered:
D:1:      ebering_hopf_link, layout_basic

Skill      XL: |  1  2 |
---------------+-------+-----
Shields        | 4 |  4.2
Fighting       | 4 |  4.1
Armour         | 4 |  4.1
Long Blades    | |  2.5

Action                     || total
---------------------------++-------
  Melee: Long sword        ||    42
         Headbutt          ||     4
    Use: Scroll            ||     1
         Potion            ||     1
 Armour: Scale mail        ||    34
  Dodge: Dodged            ||    29
  Block: Buckler           ||     4
